 Dungeon Crawl Stone Soup version 0.22-a0-284-g99d1f74 (webtiles) character file.

35543 matakusis the Convoker (level 13, -14/63 HPs)
             Began as a Deep Elf Summoner on Mar 22, 2018.
             Was a High Priest of Sif Muna.
             Hit by a large rock thrown by a cyclops (36 damage)
             ... on level 1 of the Shoals.
             The game lasted 01:56:34 (21549 turns).

matakusis the Convoker (Deep Elf Summoner)         Turns: 21549, Time: 01:56:34

Health: -14/63     AC:  7    Str:  5    XL:     13   Next: 48%
Magic:  1/34       EV: 13    Int: 26    God:    Sif Muna [*****.]
Gold:   1614       SH:  0    Dex: 15    Spells: 6/43 levels left

rFire    + . .     SeeInvis +   K - staff of cold
rCold    + + .     Gourm    .   (no shield)
rNeg     . . .     Faith    .   x - +0 robe {rF+}
rPois    +         Spirit   .   f - +1 hat {SInv}
rElec    +         Reflect  .   P - +1 cloak
rCorr    .         Harm     .   r - +0 pair of gloves of Coronation {rElec rC+}
MR       +....                  E - +0 pair of boots
Stlth    ++........             y - amulet of the acrobat
HPRegen  0.20/turn              G - ring of poison resistance
MPRegen  0.24/turn              s - ring of wizardry

@: mesmerised
A: no striking features
a: Divine Energy, Channel Magic, Forget Spell, Renounce Religion


You were on level 1 of the Shoals.
You worshipped Sif Muna.
Sif Muna was extremely pleased with you.
You were hungry.

You visited 4 branches of the dungeon, and saw 20 of its levels.
You also visited: Sewer.

You collected 1614 gold pieces.

Inventory:

Missiles
 k - 312 arrows
Armour
 f - a +1 hat of see invisible (worn)
 r - the +0 pair of gloves of Coronation (worn) {rElec rC+}
   (You found it on level 6 of the Dungeon)

   It protects you from cold.
   It insulates you from electricity.
 x - a +0 robe of fire resistance (worn)
 E - a +0 pair of boots (worn)
 J - a +2 robe of cold resistance
 P - a +1 cloak (worn)
Magical Staves
 z - an uncursed staff of poison
 K - an uncursed staff of cold (weapon)
Jewellery
 q - an uncursed ring of protection from fire
 s - a ring of wizardry (right hand)
 v - a +5 ring of protection {unknown}
 y - an amulet of the acrobat (around neck)
 C - an uncursed ring of ice
 G - a ring of poison resistance (left hand)
Wands
 h - a wand of random effects (87)
 o - a wand of flame (34)
 p - a wand of paralysis (17)
 u - a wand of iceblast (4)
 N - a wand of polymorph (12)
Scrolls
 a - 2 scrolls of holy word
 b - a scroll of magic mapping
 e - 7 scrolls of remove curse
 i - 8 scrolls of enchant armour
 j - 4 scrolls of fear
 m - 7 scrolls of identify
 t - 2 scrolls of immolation
 w - 2 scrolls of teleportation
 F - a scroll of fog
 L - 3 scrolls of enchant weapon
Potions
 g - 4 potions of lignification
 l - 9 potions of curing
 n - 4 potions of agility
 A - 3 potions of invisibility
 B - 8 potions of heal wounds
 D - 2 potions of berserk rage
 H - a potion of haste
 I - a potion of might
 M - a potion of cancellation
Comestibles
 c - 41 rations
 d - 3 chunks of flesh


   Skills:
 - Level 2.4 Dodging
 - Level 2.4 Stealth
 + Level 15.6 Spellcasting
 + Level 8.1 Hexes
 * Level 17.1 Summonings
 + Level 1.2 Translocations
 + Level 8.6 Ice Magic
 - Level 5.0 Air Magic


You had 6 spell levels left.
You knew the following spells:

 Your Spells              Type           Power        Failure   Level  Hunger
a - Monstrous Menagerie   Summ           #######...   1%          7    #####..
b - Summon Ice Beast      Ice/Summ       #######.     1%          4    None
d - Summon Lightning Spi  Summ/Air       ######..     1%          4    None
e - Metabolic Englaciati  Hex/Ice        #######...   1%          5    None
f - Throw Icicle          Conj/Ice       ######..     1%          4    None
g - Recall                Summ/Tloc      N/A          1%          3    None
h - Summon Demon          Summ           #######...   1%          5    None
i - Summon Forest         Summ/Tloc      ######....   1%          5    None


Dungeon Overview and Level Annotations

Branches:
Dungeon (12/15)            Temple (1/1) D:5            Lair (6/6) D:8
 Shoals (1/4) Lair:2       Spider (0/4) Lair:3        Slime (0/5) Lair:6
    Orc (0/2) D:9

Altars:
Ashenzari
Cheibriados
Dithmenos
Elyvilon
Fedhas
Gozag
Hepliaklqana
Kikubaaqudgha
Makhleb
Nemelex Xobeh
Okawaru
Qazlal
Ru
Sif Muna
Trog
Uskayaw
Vehumet
Wu Jian
Xom
Yredelemnul
Zin
The Shining One

Shops:
D:4 (   D:10 =   D:12 (

Portals:
Hell: Lair:6
Trove: D:11 (give +4 ice dragon scales)

Annotations:
D:12 Maurice


Message History

The sling bullet barely misses your manticore.
The sling bullet completely misses you.
You hear a splash.
A cyclops comes into view.
Unknown command.
Casting: Monstrous Menagerie (safe; 1% risk of failure)
Confirm with . or Enter, or press ? or * to list all spells.
Aiming: Summon Lightning Spire (safe; 1% risk of failure)
Press: ? - help, Dir - move target cursor An electric hum fills the air.
Your chaos spawn gores the cyclops!
The cyclops is engulfed in flames!
Your manticore bites the merfolk siren!!
Your manticore claws the merfolk siren.
Your manticore barely misses the merfolk siren.
The faun shoots a stone.
The stone hits your lightning spire!
The merfolk siren barely misses your manticore.
The satyr shoots a sling bullet.
The sling bullet hits your manticore!
The cyclops throws a large rock.
The large rock hits you!!!
Ouch! That really hurt!
You die...

####.≈≈≈≈≈≈≈.# ##..≈≈≈
#....≈≈≈≈≈≈≈.#####..≈≈≈≈
##....≈≈≈≈≈≈≈≈..)..≈≈≈≈≈≈
....≈≈≈≈≈≈≈≈≈≈≈≈)≈≈≈≈≈≈≈≈
.....≈≈≈≈≈≈≈≈≈≈≈≈≈≈≈≈≈≈≈.
.....≈≈≈≈≈≈≈≈≈≈≈≈≈≈≈≈≈≈≈.
...m..≈≈≈≈≈≈≈≈≈≈≈≈≈≈≈≈≈≈.
..c.H((((≈≈≈≈≈≈≈≈≈≈≈≈≈≈..
.c....8.@(≈≈≈≈≈≈≈≈≈≈≈≈≈..
...C4......≈≈≈≈≈≈≈≈≈≈≈≈..
.....PP.....≈≈≈≈≈≈≈≈≈≈≈..
.C#P##P.....≈≈≈≈≈≈≈≈≈≈≈..
. #P ##P.....≈≈≈≈≈≈≈≈≈≈..
P P#.P...≈≈≈≈........ #
PP#P...≈≈≈ ........ ..#
...≈≈≈≈ ..≈..... ≈≈....##


You could see a satyr, a faun, 2 cyclopes, a merfolk siren, a friendly
manticore, a friendly chaos spawn and a friendly lightning spire.

Vanquished Creatures
  A centaur zombie (D:8)
  A bullfrog zombie (D:11)
  An orc (D:8)
3 creatures vanquished.

Vanquished Creatures (collateral kills)
  Rupert (D:12)
  Gastronok (Lair:1)
  A frost giant (Shoals:1)
  A dire elephant (Lair:6)
  Fannar (D:12)
  Harold (Lair:4)
  An ice dragon (Lair:4)
  4 hydras
  A catoblepas (Lair:6)
  An alligator snapping turtle (Shoals:1)
  A merfolk aquamancer (Shoals:1)
  A two-headed ogre (D:11)
  8 death yaks
  A sun demon (Lair:6)
  Sonja (Lair:2)
  A wizard (Lair:6)
  3 sea snakes (Shoals:1)
  Pikel (D:7)
  3 harpies (Shoals:1)
  An orc knight (D:12)
  2 ugly things (D:12)
  A cyclops (D:12)
  A manticore (Shoals:1)
  An orc sorcerer (D:12)
  A faun (Shoals:1)
  14 elephants
  4 black mambas
  Joseph (D:7)
  3 merfolk sirens (Shoals:1)
  3 orange demons (Lair:6)
  5 rime drakes
  16 spiny frogs
  7 komodo dragons
  A hellwing (Lair:6)
  2 kobold demonologists
  An ice devil (Lair:6)
  2 red devils (Lair:6)
  3 polar bears (Lair:6)
  4 trolls
  6 merfolk (Shoals:1)
  The ghost of Thaneod the Chopper, an amateur DsBe of Trog (D:3)
  A hornet (D:9)
  Prince Ribbit (Lair:2)
  8 hippogriffs
  7 blink frogs
  The ghost of p0werm0de the Chopper, an amateur GrCK of Xom (D:5)
  A snapping turtle (Lair:2)
  4 water elementals (Shoals:1)
  A wraith (D:12)
  2 redbacks (Lair:3)
  A wyvern (Lair:3)
  41 yaks
  7 basilisks
  A vampire (D:11)
  3 hungry ghosts
  6 hogs (D:12)
  An acid dragon (D:12)
  4 hell hounds (Lair:6)
  9 water moccasins
  4 orc warriors
  17 porcupines
  A slave (D:7)
  5 ice beasts
  5 sky beasts
  3 phantoms
  4 black bears
  A necrophage (D:11)
  12 wolves
  4 ogres
  6 centaurs
  19 crocodiles
  8 big kobolds
  13 bullfrogs
  A water moccasin skeleton (D:7)
  A wyvern skeleton (D:9)
  6 killer bees
  3 wights (D:8)
  5 electric eels
  3 howler monkeys
  6 crimson imps
  5 jellies
  2 hounds
  5 orc wizards
  2 bullfrog skeletons
  A gnoll shaman (D:4)
  6 orc priests
  2 iguanas (D:7)
  7 worker ants
  A hound skeleton (D:9)
  A howler monkey zombie (D:7)
  A worker ant zombie (D:7)
  10 gnolls
  5 adders
  2 shadow imps
  3 white imps (Lair:4)
  6 oozes
  2 adder zombies
  2 adder skeletons
  7 worms
  A dart slug (D:3)
  10 leopard geckos
  24 orcs
  4 ball pythons
  15 bats
  5 giant cockroaches
  9 goblins
  7 hobgoblins
  16 jackals
  26 kobolds
  5 quokkas
  12 frilled lizards
  A jackal skeleton (D:4)
  2 leopard gecko skeletons
  6 rats
  A bush (Lair:5)
  9 fungi
  8 plants
570 creatures vanquished.

Vanquished Creatures (others)
  A sea snake (Shoals:1)
  17 fungi
  7 plants
  A snaplasher vine (Lair:6)
26 creatures vanquished.

Grand Total: 599 creatures vanquished

Notes
Turn   | Place    | Note
-------+----------+-------------------------------------------
     0 | D:1      | matakusis the Deep Elf Summoner began the quest for the Orb.
     0 | D:1      | Reached XP level 1. HP: 10/10 MP: 6/6
   379 | D:1      | Reached XP level 2. HP: 11/15 MP: 5/8
   392 | D:1      | Reached skill level 5 in Summonings
   438 | D:1      | Learned a level 2 spell: Call Imp
   907 | D:2      | Reached XP level 3. HP: 19/19 MP: 3/9
  1392 | D:3      | Found a glowing drain.
  1462 | Sewer    | Entered a sewer
  1960 | Sewer    | Reached XP level 4. HP: 24/24 MP: 6/11
  2193 | D:3      | Learned a level 4 spell: Summon Ice Beast
  2198 | D:3      | Learned a level 4 spell: Summon Lightning Spire
  2241 | D:3      | Reached skill level 6 in Summonings
  2469 | D:3      | Noticed Thaneod's ghost (amateur DsBe)
  2498 | D:3      | Found a glowing golden altar of the Shining One.
  2618 | D:3      | Killed Thaneod's ghost
  2618 | D:3      | Reached XP level 5. HP: 23/28 MP: 4/14
  2981 | D:4      | Reached skill level 5 in Spellcasting
  3040 | D:4      | Reached skill level 7 in Summonings
  3065 | D:4      | Reached XP level 6. HP: 32/32 MP: 2/15
  3203 | D:4      | Found Cetadea's Antique Weapon Boutique.
  3210 | D:4      | Noticed an ice beast
  3227 | D:4      | Killed an ice beast
  3751 | D:5      | Entered Level 5 of the Dungeon
  3751 | D:5      | Found a staircase to the Ecumenical Temple.
  3753 | D:5      | Noticed a sky beast
  3803 | D:5      | Killed a sky beast
  3803 | D:5      | Reached skill level 8 in Summonings
  3803 | D:5      | Reached XP level 7. HP: 26/36 MP: 2/18
  3818 | Temple   | Entered the Ecumenical Temple
  3912 | Temple   | Became a worshipper of Sif Muna the Loreminder
  3938 | D:5      | Noticed p0werm0de's ghost (amateur GrCK)
  3961 | D:5      | Reached skill level 1 in Air Magic
  3963 | D:5      | Killed p0werm0de's ghost
  3963 | D:5      | Reached skill level 1 in Ice Magic
  4240 | D:5      | Found a basalt altar of Yredelemnul.
  4773 | D:6      | Got a pair of crude gloves
  4779 | D:6      | Identified the cursed +0 pair of gloves of Coronation {rElec rC+} (You found it on level 6 of the Dungeon)
  4815 | D:6      | Reached * piety under Sif Muna
  4881 | D:6      | Reached skill level 9 in Summonings
  4881 | D:6      | Reached XP level 8. HP: 41/41 MP: 11/21
  5663 | D:7      | Noticed Pikel
  5674 | D:7      | Killed Pikel
  5674 | D:7      | Reached ** piety under Sif Muna
  5683 | D:7      | Noticed Joseph
  5698 | D:7      | Reached skill level 10 in Summonings
  5868 | D:7      | Killed Joseph
  6441 | D:8      | Reached XP level 9. HP: 45/45 MP: 19/23
  6815 | D:8      | Found a sparkling altar of Nemelex Xobeh.
  7266 | D:8      | Found a staircase to the Lair.
  7372 | D:9      | Found an iron altar of Okawaru.
  7674 | D:9      | Found a shadowy altar of Dithmenos.
  7731 | D:9      | Found a snail-covered altar of Cheibriados.
  7747 | D:9      | Found a blossoming altar of Fedhas.
  8010 | D:9      | Reached skill level 11 in Summonings
  8241 | D:9      | Reached *** piety under Sif Muna
  8245 | D:9      | Found a staircase to the Orcish Mines.
  8383 | D:10     | Entered Level 10 of the Dungeon
  8410 | D:10     | Found Zozeunn's Jewellery Shop.
  8490 | D:10     | Noticed a troll
  8494 | D:10     | Killed a troll
  9106 | D:11     | Noticed a troll
  9111 | D:11     | Killed a troll
  9457 | D:11     | Noticed a kobold demonologist
  9462 | D:11     | Killed a kobold demonologist
  9462 | D:11     | Reached skill level 10 in Spellcasting
  9609 | D:11     | Found a portal to a secret trove of treasure.
  9816 | D:11     | Reached skill level 5 in Ice Magic
  9938 | D:11     | Noticed a two-headed ogre
  9943 | D:11     | Killed a two-headed ogre
  9943 | D:11     | Reached **** piety under Sif Muna
  9943 | D:11     | Reached skill level 12 in Summonings
  9943 | D:11     | Reached XP level 10. HP: 50/50 MP: 19/26
 10429 | D:12     | Noticed a cyclops
 10450 | D:12     | Killed a cyclops
 10969 | D:12     | Got a bloodstained trident
 10970 | D:12     | Identified the +1 trident "Killer Klown's Foe" {pierce, Dex+4} (You found it on level 12 of the Dungeon)
 11145 | D:12     | Noticed Fannar
 11168 | D:12     | Killed Fannar
 11291 | D:12     | Found Luhugy's Antique Weapon Shoppe.
 11303 | D:12     | Noticed a brown ugly thing
 11306 | D:12     | Noticed a white ugly thing
 11313 | D:12     | Killed a purple ugly thing
 11313 | D:12     | Reached ***** piety under Sif Muna
 11313 | D:12     | Identified Enkal's Collected Works on Confrontation (Sif Muna gifted it to you on level 12 of the Dungeon)
 11313 | D:12     | Received a gift from Sif Muna
 11325 | D:12     | Killed a brown ugly thing
 11325 | D:12     | Reached skill level 13 in Summonings
 11336 | D:12     | Learned a level 5 spell: Metabolic Englaciation
 11341 | D:12     | Learned a level 4 spell: Throw Icicle
 11347 | D:12     | Found a sparkling altar of Nemelex Xobeh.
 11525 | D:12     | Noticed an orc sorcerer
 11527 | D:12     | Noticed an orc knight
 11536 | D:12     | Killed an orc knight
 11537 | D:12     | Killed an orc sorcerer
 11537 | D:12     | Reached skill level 1 in Hexes
 11794 | D:12     | Noticed Rupert
 11810 | D:12     | Killed Rupert
 11810 | D:12     | Reached XP level 11. HP: 54/54 MP: 1/28
 11954 | D:12     | Noticed Maurice
 11993 | D:12     | Noticed a lindwurm
 12198 | Lair:1   | Entered Level 1 of the Lair of Beasts
 12689 | Lair:1   | Noticed Gastronok
 12702 | Lair:1   | Killed Gastronok
 13464 | Lair:2   | Noticed Sonja
 13483 | Lair:2   | Killed Sonja
 13483 | Lair:2   | Identified Sif Muna's Incunabulum of Snow and Necromancy (Sif Muna gifted it to you on level 2 of the Lair of Beasts)
 13483 | Lair:2   | Received a gift from Sif Muna
 13483 | Lair:2   | Reached skill level 14 in Summonings
 13605 | Lair:2   | Noticed Prince Ribbit
 13614 | Lair:2   | Killed Prince Ribbit
 13967 | Lair:2   | Reached skill level 5 in Hexes
 14182 | Lair:2   | Found a staircase to the Shoals.
 14326 | Lair:3   | Noticed a death yak
 14490 | Lair:3   | Noticed a four-headed hydra
 14499 | Lair:3   | Killed a four-headed hydra
 14524 | Lair:3   | Noticed a death yak
 14527 | Lair:3   | Noticed a death yak
 14537 | Lair:3   | Killed a death yak
 14539 | Lair:3   | Killed a death yak
 14543 | Lair:3   | Killed a death yak
 14731 | Lair:3   | Reached skill level 5 in Air Magic
 14956 | Lair:3   | Reached XP level 12. HP: 59/59 MP: 8/31
 15347 | Lair:3   | Found a hole to the Spider Nest.
 15781 | Lair:4   | Noticed Harold
 15812 | Lair:4   | Killed Harold
 15812 | Lair:4   | Received a gift from Sif Muna
 15812 | Lair:4   | Reached skill level 15 in Summonings
 15827 | Lair:4   | Learned a level 3 spell: Recall
 15833 | Lair:4   | Learned a level 5 spell: Summon Demon
 15839 | Lair:4   | Learned a level 5 spell: Summon Forest
 16016 | Lair:4   | Got a warped dagger
 16017 | Lair:4   | Identified the +7 dagger of Calculation {pierce, Str+6} (You found it on level 4 of the Lair of Beasts)
 16539 | Lair:4   | Noticed an ice dragon
 16559 | Lair:4   | Killed an ice dragon
 17325 | Lair:5   | Noticed a six-headed hydra
 17332 | Lair:5   | Killed a six-headed hydra
 18204 | Lair:6   | Entered Level 6 of the Lair of Beasts
 18477 | Lair:6   | Noticed a catoblepas
 18479 | Lair:6   | Noticed a four-headed hydra
 18486 | Lair:6   | Killed a four-headed hydra
 18488 | Lair:6   | Killed a catoblepas
 18625 | Lair:6   | Found a staircase to the Slime Pits.
 18706 | Lair:6   | Noticed a death yak
 18708 | Lair:6   | Noticed a death yak
 18708 | Lair:6   | Noticed a death yak
 18709 | Lair:6   | Noticed a death yak
 18711 | Lair:6   | Noticed a death yak
 18716 | Lair:6   | Killed a death yak
 18716 | Lair:6   | Killed a death yak
 18716 | Lair:6   | Identified Qoeromu's Disquisition on Companions (Sif Muna gifted it to you on level 6 of the Lair of Beasts)
 18716 | Lair:6   | Received a gift from Sif Muna
 18716 | Lair:6   | Reached skill level 1 in Translocations
 18740 | Lair:6   | Killed a death yak
 18742 | Lair:6   | Reached skill level 16 in Summonings
 18745 | Lair:6   | Killed a death yak
 18763 | Lair:6   | Killed a death yak
 18903 | Lair:6   | Learned a level 7 spell: Monstrous Menagerie
 18913 | Lair:6   | Learned a level 4 spell: Summon Ice Beast
 19026 | Lair:6   | Noticed a seven-headed hydra
 19037 | Lair:6   | Killed a seven-headed hydra
 19237 | Lair:6   | Reached XP level 13. HP: 63/63 MP: 13/33
 19481 | Lair:6   | HP: 2/63 [komodo dragon (20)]
 19967 | Lair:6   | Noticed a dire elephant
 19978 | Lair:6   | Killed a dire elephant
 20163 | Lair:6   | Reached skill level 15 in Spellcasting
 20461 | Lair:6   | Found a burning altar of Makhleb.
 20591 | Lair:6   | Found a gateway to Hell.
 20823 | Shoals:1 | Entered Level 1 of the Shoals
 20966 | Shoals:1 | Received a gift from Sif Muna
 21240 | Shoals:1 | Reached skill level 17 in Summonings
 21541 | Shoals:1 | Noticed a frost giant
 21547 | Shoals:1 | Killed a frost giant
 21549 | Shoals:1 | Hit by a large rock thrown by a cyclops

Vault maps used:
D:1:      saegor_arrival_simple_c
D:3:      first_ration, cheibrodos_sewer_entry_drain,
          nicolae_tso_carved_into_rock
D:4:      serial_shops, shop
D:5:      kennysheep_mini_moat, temple_statues, minmay_misc_feat_cross
D:7:      uniq_pikel, uniq_joseph
D:8:      lemuel_crystal_altar, lair_entry_dummy
D:9:      nicolae_dithmenos_through_a_glass_darkly, lemuel_crystal_altar,
          fedhas_altar_2, old_standard_altar, orc_0_dummy, grunt_ogre_cave
D:10:     serial_shops, nicolae_shop_crystal
D:11:     nicolae_trove_entry_free_sample
D:12:     basic_altar, serial_shops, kennysheep_little_box,
          serial_bayou_lagoon_a, lightli_minifort, uniq_maurice, uniq_rupert,
          uniq_kirke, uniq_fannar
Temple:   lightli_temple_of_artemis
Lair:1:   beast_lair_carwin_8, grunt_megastairs_1, uniq_gastronok
Lair:2:   minmay_shoals_entry_hut, grunt_megastairs_2, serial_bayou_shore_b,
          uniq_sonja, uniq_prince_ribbit2
Lair:3:   spider_nest_entry_webs, beast_lair_carwin_7, lemuel_fruit_fields,
          lemuel_fruit_tree, grunt_megastairs_4
Lair:4:   serial_bayou, serial_bayou_shore_b, serial_bayou_ford_a,
          serial_bayou_pond_d, nicolae_lair_grove_arrangements,
          bobbens_ice_dragon_lair, uniq_harold
Lair:5:   beast_lair_carwin_large_2, minivault_26
Lair:6:   evil_forest, slime_dummy, eino_small_chamber_without_monster,
          serial_bayou_shore_b, grunt_megastairs_5
Shoals:1: st_cyclops
Sewer:    sewer_fruit_machine

Skill      XL: |  1  2  3  4  5  6  7  8  9 10 11 12 13 |
---------------+----------------------------------------+-----
Summonings     | 5 6 7 8 9 10 12 13 14 16 17 | 17.1
Spellcasting   | 4 5 6 7 8 10 11 13 14 15 | 15.6
Air Magic      | 1 2 3 4 5 |  5.0
Ice Magic      | 2 3 5 6 7 8 |  8.6
Hexes          | 2 5 8 |  8.1
Translocations | 1 |  1.2
Dodging        | |  2.4
Stealth        | |  2.4

Action                   |  1- 3 |  4- 6 |  7- 9 | 10-12 | 13-15 || total
-------------------------+-------+-------+-------+-------+-------++-------
Melee: Unarmed           |    20 |       |     1 |       |       ||    21
       Staff             |       |       |    23 |    15 |       ||    38
       Quarterstaff      |       |       |     3 |       |       ||     3
 Cast: Summon Small Mamm |    19 |       |       |     1 |       ||    20
       Call Imp          |    54 |    36 |     6 |       |       ||    96
       Summon Lightning  |       |    11 |    58 |    99 |    30 ||   198
       Summon Ice Beast  |       |    11 |    80 |   164 |     3 ||   258
       Metabolic Englaci |       |       |       |    13 |     3 ||    16
       Summon Demon      |       |       |       |    10 |     6 ||    16
       Monstrous Menager |       |       |       |     7 |    36 ||    43
       Summon Forest     |       |       |       |     4 |     1 ||     5
Invok: Forget Spell      |       |       |       |     1 |       ||     1
  Use: Scroll            |     6 |     4 |     7 |    10 |     1 ||    28
       Potion            |     6 |     5 |     5 |       |       ||    16
 Stab: Distracted        |     2 |       |       |     1 |       ||     3
  Eat: Chunk             |     5 |     9 |    24 |    23 |    15 ||    76
       Ration            |       |       |     1 |     2 |     1 ||     4
Armor: Robe              |    30 |    14 |    11 |    14 |       ||    69
Dodge: Dodged            |    87 |    29 |    50 |   107 |    17 ||   290

Table legend:
 A = Spawn XP
 B = Non-spawn XP
 C = Spawn XP percentage of total XP
 D = Spawn monster count
 E = Non-spawn monster count
 F = Spawn count percentage of total count
 G = Total turns spent on level
                    A         B        C        D         E        F      G
               +---------+---------+-------+---------+---------+-------+---------
         Total |       0 |   50776 |   0.0 |       0 |     555 |   0.0 | 21549
               +---------+---------+-------+---------+---------+-------+---------
           D:1 |       0 |      39 |   0.0 |       0 |      33 |   0.0 |   898
           D:2 |       0 |      31 |   0.0 |       0 |      16 |   0.0 |   476
           D:3 |       0 |     183 |   0.0 |       0 |      21 |   0.0 |   788
           D:4 |       0 |     407 |   0.0 |       0 |      30 |   0.0 |   864
           D:5 |       0 |     499 |   0.0 |       0 |      19 |   0.0 |   791
           D:6 |       0 |     255 |   0.0 |       0 |      10 |   0.0 |   459
           D:7 |       0 |    1224 |   0.0 |       0 |      29 |   0.0 |  1190
           D:8 |       0 |     672 |   0.0 |       0 |      29 |   0.0 |  1074
           D:9 |       0 |     530 |   0.0 |       0 |      20 |   0.0 |  1031
          D:10 |       0 |     330 |   0.0 |       0 |       7 |   0.0 |   723
          D:11 |       0 |    1549 |   0.0 |       0 |      24 |   0.0 |  1706
          D:12 |       0 |    6068 |   0.0 |       0 |      53 |   0.0 |  1358
        Lair:1 |       0 |    3518 |   0.0 |       0 |      26 |   0.0 |  1259
        Lair:2 |       0 |    2899 |   0.0 |       0 |      23 |   0.0 |   971
        Lair:3 |       0 |    5223 |   0.0 |       0 |      39 |   0.0 |  1167
        Lair:4 |       0 |    2929 |   0.0 |       0 |      21 |   0.0 |  1520
        Lair:5 |       0 |    3176 |   0.0 |       0 |      20 |   0.0 |  1254
        Lair:6 |       0 |   14552 |   0.0 |       0 |      84 |   0.0 |  2454
      Shoals:1 |       0 |    6646 |   0.0 |       0 |      25 |   0.0 |   726
         Sewer |       0 |      46 |   0.0 |       0 |      26 |   0.0 |   725
               +---------+---------+-------+---------+---------+-------+---------
